 Dungeon Crawl Stone Soup version 0.16.2-12-gd0ad4c3 (webtiles) character file.

676 Kira the Covert (level 7, -10/33 HPs)
             Began as a Spriggan Enchanter on Oct 19, 2015.
             Was an Initiate of Sif Muna.
             Killed by divine providence
             ... invoked by an orc priest
              (12 damage)
             ... on level 5 of the Dungeon.
             The game lasted 00:25:26 (3819 turns).

Kira the Covert (Spriggan Enchanter)                Turns: 3819, Time: 00:25:26

Health: -10/33     AC:  4    Str:  8    XL:     7   Next: 33%
Magic:  10/21      EV: 20    Int: 19    God:    Sif Muna [......]
Gold:   200        SH:  0    Dex: 16    Spells: 2 memorised, 11 levels left

rFire  . . .     SeeInvis +     G - -3 dagger (curse)
rCold  . . .     Clarity  +     b - +1 robe
rNeg   . . .     SustAb   .     (shield restricted)
rPois  .         Gourm    .     (helmet restricted)
rElec  .         Spirit   .     y - +0 cloak
rCorr  .         Warding  .     (gloves unavailable)
rMut   .         Stasis   .     (boots unavailable)
MR     +....                    d - amulet of clarity
Stlth  +++++.....               o - +4 ring of strength
                                p - ring of stealth

@: very quick, somewhat resistant to hostile enchantments, quite stealthy
A: unfitting armour, see invisible, herbivore 3, speed 3, slow metabolism 2
a: Renounce Religion


You were on level 5 of the Dungeon.
You worshipped Sif Muna.
Sif Muna was noncommittal.
You were not hungry.

You visited 1 branch of the dungeon, and saw 5 of its levels.

You collected 200 gold pieces.

Inventory:

Hand weapons
 a - a +1 dagger
 z - a +0 rapier
 C - a +1 dagger of venom
 G - a cursed -3 dagger (weapon)
Armour
 b - a +1 robe (worn)
 y - a +0 cloak (worn)
Jewellery
 d - an amulet of clarity (around neck)
 k - an uncursed amulet of the gourmand
 n - an uncursed ring of protection from magic
 o - a +4 ring of strength (right hand)
 p - a ring of stealth (left hand)
 q - an uncursed ring of protection from cold
 w - a +3 ring of intelligence
Magical devices
 v - a wand of polymorph (12)
 D - a wand of cold (13)
Scrolls
 e - a scroll of teleportation
 m - 2 scrolls of identify
Potions
 f - 3 potions of resistance
 g - a potion of agility {unknown}
 h - 2 potions of curing
 s - a potion of ambrosia {unknown}
 u - a potion of cancellation {unknown}
 A - a potion of cure mutation {unknown}
Books
 c - a book of Maledictions

   Spells                             Type                      Level
   a - Corona                         Hexes                        1
   b - Sure Blade                     Hexes/Charms                 2
   c - Ensorcelled Hibernation        Hexes/Ice                    2
   d - Confuse                        Hexes                        3
   e - Dazzling Spray                 Conjuration/Hexes            3
   f - Enslavement                    Hexes                        4
Comestibles
 i - 3 fruits
 t - a royal jelly
 E - a slice of pizza
 F - a bread ration


   Skills:
 + Level 1.0 Fighting
 + Level 2.0 Short Blades
 + Level 5.4 Dodging
 + Level 8.1 Stealth
 + Level 4.4 Spellcasting
 + Level 5.5 Hexes
 - Level 1.0 Ice Magic
 * Level 3.2 Evocations


You had 11 spell levels left.
You knew the following spells:

 Your Spells              Type           Power        Failure   Level  Hunger
a - Corona                Hex            ####...      1%          1    None
b - Ensorcelled Hibernat  Hex/Ice        ###...       8%          2    #......


Dungeon Overview and Level Annotations

Branches:
Dungeon (5/15)
 Temple: D:4-7

Altars:
Elyvilon
Sif Muna
Yredelemnul

Annotations:
D:3 Galdon's ghost, weakling CeWn


Innate Abilities, Weirdness & Mutations

You are tiny and cannot use many weapons and most armour.
You have supernaturally acute eyesight.
You are a herbivore.
You cover ground extremely quickly.
You need consume almost no food.


Message History

The orc priest calls down the wrath of Beogh upon you.
Something smites you!
You barely miss the orc.
The orc is moderately wounded.
The orc closely misses you.
You hit the orc but do no damage.
The orc is moderately wounded.
The orc misses you.
Casting: Ensorcelled Hibernation
Confirm with . or Enter, or press ? or * to list all spells.
Aiming: Ensorcelled Hibernation
Press: ? - help, Shift-Dir - straight line, f - orc
Aim: an orc, wielding a whip (moderately wounded, chance 64%)
The orc looks drowsy...
The orc priest invokes the aid of Beogh against you.
Something smites you!
* * * LOW HITPOINT WARNING * * *
The orc priest calls down the wrath of Beogh upon you.
Something smites you!
You die...

#.# ##...#.## *,,* **,,*,,*
#.####......## ***,** *,,***,,
#...#...##...# *,..* *,** **,
###...)....#.###.#** *,* *,
.*##..###).#.....# *,* **
>###..........##** *,* *
...#...##.....## ***#.# *
##.....##.##...########.oo.# ***
##.......##....@..ooo..#******,,
#.#..########...#####.# *,,,,,*
##....# ###..#***** *,*****
##.....#### ##....* **,* *
..........#** *###.#***,,*
..###.###...# *,.,*,,** ..##..#
**#.# *****,,,,** ####.## *,*
****,,,,<,,** # #.#
*,###.,,,*****,**


You could see an orc priest and 3 orcs.

Vanquished Creatures
  A centaur (D:5)
  An ogre (D:4)
  A phantom (D:4)
  A scorpion (D:5)
  A crimson imp (D:5)
  A centaur skeleton (D:5)
  A hound (D:4)
  An orc priest (D:5)
  3 worker ants
  8 adders
  A giant mite (D:4)
  2 worms
  An adder skeleton (D:5)
  2 giant geckos
  4 orcs (D:5)
  2 ball pythons (D:1)
  6 bats
  A bat zombie (D:5)
  A giant cockroach (D:3)
  7 goblins
  6 hobgoblins
  7 jackals
  8 giant newts
  13 kobolds
  11 rats
  A spectral orc (D:2)
92 creatures vanquished.

Notes
Turn   | Place    | Note
--------------------------------------------------------------
     0 | D:1      | Kira, the Spriggan Enchanter, began the quest for the Orb.
     0 | D:1      | Reached XP level 1. HP: 9/9 MP: 4/4
   494 | D:1      | Reached XP level 2. HP: 5/13 MP: 7/7
   507 | D:1      | Reached skill level 5 in Stealth
   655 | D:1      | Learned a level 2 spell: Ensorcelled Hibernation
   993 | D:2      | Reached XP level 3. HP: 14/16 MP: 9/9
  1450 | D:2      | Found a basalt altar of Yredelemnul.
  1597 | D:3      | Noticed Galdon's ghost (weakling CeWn)
  1639 | D:3      | Reached XP level 4. HP: 9/21 MP: 2/13
  1985 | D:4      | Noticed a phantom
  2488 | D:4      | Reached XP level 5. HP: 24/24 MP: 10/16
  2502 | D:4      | Reached skill level 6 in Stealth
  2522 | D:4      | Found a white marble altar of Elyvilon.
  2530 | D:4      | Noticed an ogre
  2535 | D:4      | Killed an ogre
  2535 | D:4      | Reached skill level 1 in Ice Magic
  2535 | D:4      | Reached XP level 6. HP: 27/29 MP: 10/19
  2684 | D:4      | Reached skill level 1 in Evocations
  2788 | D:4      | Killed a phantom
  2788 | D:4      | Reached skill level 7 in Stealth
  2788 | D:4      | Reached skill level 5 in Hexes
  3021 | D:5      | Entered Level 5 of the Dungeon
  3053 | D:5      | Reached skill level 5 in Dodging
  3456 | D:5      | Reached skill level 1 in Fighting
  3456 | D:5      | Reached XP level 7. HP: 31/33 MP: 15/21
  3530 | D:5      | Found a deep blue altar of Sif Muna.
  3549 | D:5      | Became a worshipper of Sif Muna the Loreminder
  3740 | D:5      | Reached skill level 8 in Stealth
  3819 | D:5      | Killed from afar by an orc priest

Action                   |  1- 3 |  4- 6 |  7- 9 || total
-------------------------+-------+-------+-------++-------
Melee: Dagger            |   130 |   141 |    97 ||   368
       Rapier            |       |    10 |       ||    10
 Cast: Ensorcelled Hiber |    16 |    49 |    14 ||    79
       Corona            |     1 |       |       ||     1
  Use: Potion            |       |     2 |       ||     2
       Scroll            |       |       |     8 ||     8
 Stab: Sleeping          |    21 |    32 |     8 ||    61
       Distracted        |       |     1 |       ||     1
  Eat: Bread ration      |       |     1 |       ||     1
